 Dungeon Crawl Stone Soup version 0.31.0-11-ge490571c62 (webtiles) character file.

Game seed: 3336328589141503847

22009 qw the Crack Shot (level 12, -3/69 HPs)
             Began as a Deep Elf Hunter on Feb 3, 2024.
             Was a High Priest of Okawaru.
             Slain by a spriggan rider
             ... wielding a +0 spear
              (18 damage)
             ... on level 4 of the Lair of Beasts.
             The game lasted 00:01:07 (13303 turns).

qw the Crack Shot (Deep Elf Hunter)                Turns: 13303, Time: 00:01:07

Health: -3/69      AC: 12    Str: 14    XL:     12   Next: 59%
Magic:  21/21      EV: 14    Int: 16    God:    Okawaru [*****.]
Gold:   725        SH:  0    Dex: 17    Spells: 11/11 levels left

rFire   + . .        e - +3 triple crossbow (flame)
rCold   + . .        (shield currently unavailable)
rNeg    . . .        i - +1 swamp dragon scales
rPois   +            t - +1 hat {Will+}
rElec   .            (no cloak)
rCorr   .            j - +0 pair of gloves
SInv    +            v - +0 pair of boots
Will    ++...        c - amulet of the King {Acrobat rF++ Str+4 Dex-3}
Stlth   +            a - ring of see invisible
HPRegen 0.31/turn    y - ring of ice
MPRegen 0.17/turn

%: acrobat
@: no status effects
A: no striking features
a: Renounce Religion, Heroism, Finesse, Duel


You were on level 4 of the Lair of Beasts.
You worshipped Okawaru.
Okawaru was extremely pleased with you.
You visited 2 branches of the dungeon, and saw 14 of its levels.

You collected 725 gold pieces.


   Skills:
 + Level 5.9 Fighting
 - Level 21.0 Ranged Weapons
 - Level 3.0 Armour
 - Level 8.1 Dodging
 - Level 1.2 Stealth
 - Level 10.0 Invocations


You had 11 spell levels left.
You didn't know any spells.
Your spell library was empty.

Inventory:

Hand Weapons
 e - a +3 triple crossbow of flaming (weapon)
Armour
 i - +1 swamp dragon scales (worn)
 j - a +0 pair of gloves (worn)
 m - a +1 robe of resistance
 t - a +1 hat of willpower (worn)
 v - a +0 pair of boots (worn)
Jewellery
 a - a ring of see invisible (left hand)
 c - the amulet of the King (around neck) {Acrobat rF++ Str+4 Dex-3}
   (You acquired it on level 1 of the Dungeon)

   [amulet of the acrobat]

   Acrobat:   It increases your evasion while moving and waiting.
   Str+4:     It affects your strength (+4).
   Dex-3:     It affects your dexterity (-3).
   rF++:      It greatly protects you from fire.
 p - an amulet of the acrobat
 s - an amulet of regeneration
 y - a ring of ice (right hand)
Wands
 b - a wand of roots (25)
 d - a wand of digging (7)
 l - a wand of light (10)
 n - a wand of mindburst (14)
 q - a wand of paralysis (11)
 r - a wand of polymorph (12)
Scrolls
 f - 5 scrolls of teleportation
 x - a scroll of identify
Potions
 g - 7 potions of curing
 h - a potion of magic
 k - 2 potions of resistance
 o - 3 potions of might
 u - a potion of haste
 w - a potion of heal wounds
 z - a potion of cancellation {unknown}
 A - a potion of enlightenment {unknown}

Dungeon Overview and Level Annotations

Branches:
Dungeon (10/15)            Temple (0/1) D:5            Lair (4/5) D:10
 Shoals (0/4) Lair:2        Snake (0/4) Lair:3
  Slime: Lair:4-5       Orc: D:9-12

Altars:
Ashenzari
Dithmenos
Elyvilon
Fedhas
Gozag
Kikubaaqudgha
Makhleb
Okawaru
Sif Muna
Uskayaw
Vehumet
The Shining One

Shops:
D:1 (   D:5 *   D:8 *


Message History

13296 ||| RETREEEEATING.
The spriggan rider closely misses you.
The water moccasin completely misses you.
Enter note:
Enter note:
13297 ||| RETREEEEATING.
The water moccasin attacks as it pursues you!
The water moccasin completely misses you.
The spriggan rider attacks as it pursues you!
The spriggan rider closely misses you.
Enter note:
Enter note:
13298 ||| RETREEEEATING.
The spriggan rider hits you but does no damage.
The water moccasin completely misses you.
You shoot a bolt. The bolt hits the water moccasin!!
The bolt burns the water moccasin.
You kill the water moccasin!
Okawaru accepts your kill.
The spriggan rider hits you from afar with a +0 spear!
You shoot a bolt. The bolt hits the spriggan.
The bolt burns the spriggan.
The spriggan is moderately wounded.
The spriggan hits you with a +0 dagger.
The spriggan rider hits you from afar with a +0 spear!
The spriggan hits you with a +0 dagger!
The spriggan rider hits you but does no damage.
You shoot a bolt. The bolt hits the spriggan.
The bolt burns the spriggan.
The spriggan is severely wounded.
The spriggan hits you but does no damage.
The spriggan rider closely misses you.
You shoot a bolt. The bolt hits the spriggan!!!
The bolt burns the spriggan.
You kill the spriggan!
Okawaru accepts your kill.
The blink frog hits you but does no damage.
The spriggan rider hits you from afar with a +0 spear.
You shoot a bolt.
The bolt completely misses the blink frog.
The blink frog hits you!
The blink frog blinks!
The spriggan rider hits you from afar with a +0 spear!!
You die... 77.77 7.77 77.7 77)7 7.)7 7%77 7.7 777

7.7777.777
7..@7..i.7
7...¤i7.)77
77...777..7
777.7 7..7
7.7 77.77


777 7¤.7 7..77 77F.7 7..77 You could see a spriggan rider.

Vanquished Creatures
  Gastronok (D:10)
  Fannar (Lair:3)
  A catoblepas (Lair:2)
  2 two-headed ogres
  Pikel (D:6)
  A black mamba (Lair:1)
  5 cane toads
  Maggie (D:6)
  A rime drake (Lair:2)
  5 komodo dragons
  A troll (D:10)
  3 polar bears
  9 blink frogs
  Grinder (D:3)
  6 spriggans (Lair:4)
  4 wyverns
  Sigmund (D:3)
  25 yaks
  A wraith (D:10)
  A basilisk (Lair:4)
  Menkaure (D:6)
  2 acid dragons (D:9)
  2 nagas (Lair:3)
  9 water moccasins
  4 ice beasts
  An ogre (D:5)
  5 wolves (Lair:1)
  8 centaurs
  A lemure (D:6)
  Blork the orc (D:6)
  A phantom (D:5)
  3 scorpions
  9 bullfrogs
  13 wights
  16 killer bees
  A howler monkey (D:9)
  3 crimson imps (D:9)
  2 hounds
  A bombardier beetle (D:4)
  3 jellies
  3 orc priests
  2 gnoll boudas
  Jessica (D:2)
  2 sleepcaps
  2 iguanas
  Ijyb (D:3)
  3 orc wizards
  2 polar bear simulacra (Lair:2)
  A wolf simulacrum (Lair:2)
  9 gnolls
  9 adders
  A shadow imp (D:7)
  4 white imps
  2 ufetubi (D:3)
  2 ribbon worms
  24 orcs
  8 endoplasms
  2 giant cockroaches (D:2)
  9 goblins
  7 hobgoblins
  3 jackals (D:4)
  6 quokkas
  11 ball pythons
  5 bats
  3 frilled lizards
  8 kobolds
  5 rats
292 creatures vanquished.

Notes
Turn   | Place    | Note
-------+----------+-------------------------------------------
     0 | D:1      | qw the Deep Elf Hunter began the quest for the Orb.
     0 | D:1      | Reached XP level 1. HP: 12/12 MP: 3/3
     0 | D:1      | 0 ||| qw: Version: 0.3-a-157-g843a77d
     0 | D:1      | 0 ||| qw: Game counter: 3871
     0 | D:1      | 0 ||| qw: Melee chars always use a shield: true
     0 | D:1      | 0 ||| qw: God list: Okawaru
     0 | D:1      | 0 ||| qw: Allow faded altars: false
     0 | D:1      | 0 ||| qw: Do Orc after clearing Dungeon:15 true
     0 | D:1      | 0 ||| qw: Do second Lair branch before Depths: true
     0 | D:1      | 0 ||| qw: Lair rune preference: random
     0 | D:1      | 0 ||| qw: Goals: Normal
     0 | D:1      | 0 ||| PLANNING D:1-11
    71 | D:1      | Found Heacsaf's Weapon Shop.
   239 | D:1      | Reached skill level 6 in Ranged Weapons
   239 | D:1      | Reached XP level 2. HP: 16/16 MP: 4/4
   554 | D:1      | Reached XP level 3. HP: 20/20 MP: 5/5
   677 | D:1      | 677 ||| UPGRADING to +0 ring mail.
   687 | D:1      | 687 ||| DROPPING +0 leather armour.
   688 | D:1      | 688 ||| UPGRADING to +0 pair of gloves.
   693 | D:1      | 693 ||| READING 2 scrolls labelled BEELLU YLAU.
   693 | D:1      | 693 ||| IDENTIFYING scroll labelled HIAGAO ZYAHARI
   694 | D:1      | 694 ||| READING scroll of enchant weapon.
   694 | D:1      | 694 ||| ENCHANTING +0 shortbow.
   695 | D:1      | 695 ||| READING scroll of identify.
   695 | D:1      | 695 ||| IDENTIFYING scroll labelled LEKLYA BUKO
   695 | D:1      | Identified a scroll of acquirement
   696 | D:1      | 696 ||| READING scroll of acquirement.
   696 | D:1      | 696 ||| ACQUIRING amulet of the King {Acrobat rF++ Str+4
                  | Dex-3}
   696 | D:1      | Acquired the amulet of the King {Acrobat rF++ Str+4 Dex-3}
   698 | D:1      | 698 ||| UPGRADING to amulet of the King {Acrobat rF++ Str+4
                  | Dex-3}.
   703 | D:1      | 703 ||| READING scroll labelled RIFFECKE QAQO.
   704 | D:1      | 704 ||| READING scroll labelled KEROQO XONOLEPP.
   707 | D:1      | 707 ||| DROPPING scroll of butterflies.
   839 | D:2      | Reached skill level 7 in Ranged Weapons
   924 | D:2      | Noticed Jessica
   927 | D:2      | Killed Jessica
   928 | D:2      | Reached XP level 4. HP: 25/25 MP: 6/6
  1221 | D:2      | 1221 ||| READING scroll labelled TUSIJI FENEAL.
  1281 | D:3      | Found a glowing golden altar of the Shining One.
  1282 | D:3      | Noticed Sigmund
  1293 | D:3      | Killed Sigmund
  1294 | D:3      | Reached skill level 9 in Ranged Weapons
  1294 | D:3      | Reached XP level 5. HP: 15/29 MP: 7/7
  1392 | D:3      | Noticed Grinder
  1414 | D:3      | Paralysed by Grinder for 2 turns
  1423 | D:3      | Killed Grinder
  1424 | D:3      | Reached skill level 3 in Fighting
  1424 | D:3      | Reached XP level 6. HP: 37/37 MP: 8/8
  1584 | D:3      | 1584 ||| FLEEEEING.
  1585 | D:3      | 1585 ||| FLEEEEING.
  1588 | D:3      | 1588 ||| FLEEEEING.
  1589 | D:3      | 1589 ||| FLEEEEING.
  1590 | D:3      | 1590 ||| FLEEEEING.
  1591 | D:3      | 1591 ||| FLEEEEING.
  1592 | D:3      | 1592 ||| FLEEEEING.
  1593 | D:3      | 1593 ||| FLEEEEING.
  1594 | D:3      | 1594 ||| FLEEEEING.
  1595 | D:3      | 1595 ||| FLEEEEING.
  1596 | D:3      | 1596 ||| FLEEEEING.
  1597 | D:3      | 1597 ||| FLEEEEING.
  1598 | D:3      | 1598 ||| FLEEEEING.
  1599 | D:3      | 1599 ||| FLEEEEING.
  1720 | D:3      | Noticed Ijyb
  1731 | D:3      | Killed Ijyb
  1732 | D:3      | Reached skill level 10 in Ranged Weapons
  1732 | D:3      | Reached XP level 7. HP: 31/41 MP: 9/9
  1744 | D:3      | 1744 ||| FLEEEEING.
  1745 | D:3      | 1745 ||| FLEEEEING.
  1747 | D:3      | 1747 ||| FLEEEEING.
  1751 | D:3      | 1751 ||| FLEEEEING.
  1752 | D:3      | 1752 ||| FLEEEEING.
  1753 | D:3      | 1753 ||| FLEEEEING.
  1754 | D:3      | 1754 ||| FLEEEEING.
  1755 | D:3      | 1755 ||| FLEEEEING.
  1756 | D:3      | 1756 ||| FLEEEEING.
  1758 | D:3      | 1758 ||| FLEEEEING.
  1759 | D:3      | 1759 ||| FLEEEEING.
  1760 | D:3      | 1760 ||| FLEEEEING.
  1761 | D:3      | 1761 ||| FLEEEEING.
  1762 | D:3      | 1762 ||| FLEEEEING.
  1763 | D:3      | 1763 ||| FLEEEEING.
  1764 | D:3      | 1764 ||| FLEEEEING.
  1765 | D:3      | 1765 ||| FLEEEEING.
  1766 | D:3      | 1766 ||| FLEEEEING.
  1767 | D:3      | 1767 ||| FLEEEEING.
  1768 | D:3      | 1768 ||| FLEEEEING.
  1769 | D:3      | 1769 ||| FLEEEEING.
  1770 | D:3      | 1770 ||| FLEEEEING.
  1771 | D:3      | 1771 ||| FLEEEEING.
  1772 | D:3      | 1772 ||| FLEEEEING.
  1773 | D:3      | 1773 ||| FLEEEEING.
  1774 | D:3      | 1774 ||| FLEEEEING.
  1775 | D:3      | 1775 ||| FLEEEEING.
  1776 | D:3      | 1776 ||| FLEEEEING.
  1777 | D:3      | 1777 ||| FLEEEEING.
  1778 | D:3      | 1778 ||| FLEEEEING.
  1779 | D:3      | 1779 ||| STAIRDANCE
  1833 | D:2      | 1833 ||| READING scroll of identify.
  1833 | D:2      | 1833 ||| IDENTIFYING scroll labelled BAECLY FEYKOCZA
  1834 | D:2      | 1834 ||| READING scroll labelled HIGGAEJONE.
  1835 | D:2      | 1835 ||| DROPPING scroll of noise.
  1962 | D:3      | Found an iron altar of Okawaru.
  1963 | D:3      | 1963 ||| PLANNING OKAWARU WORSHIP
  1970 | D:3      | Became a worshipper of Warmaster Okawaru
  1971 | D:3      | 1971 ||| PLANNING D:1-11
  1977 | D:3      | 1977 ||| READING scroll of acquirement.
  1977 | D:3      | 1977 ||| ACQUIRING +2 triple crossbow of draining
  1977 | D:3      | Acquired a +2 triple crossbow of draining
  1979 | D:3      | 1979 ||| SWAPPING to +2 triple crossbow of draining.
  1980 | D:3      | 1980 ||| DROPPING +1 shortbow.
  2170 | D:4      | Reached skill level 3 in Dodging
  2197 | D:4      | HP: 10/41 [hobgoblin (3)]
  2198 | D:4      | 2198 ||| READING 3 scrolls of teleportation.
  2199 | D:4      | HP: 3/41 [hobgoblin (4)]
  2455 | D:4      | Reached skill level 1 in Armour
  2537 | D:4      | Found an opulent altar of Gozag.
  2751 | D:4      | Found a hide-covered altar of Uskayaw.
  2977 | D:4      | 2977 ||| UPGRADING to ring of see invisible.
  2978 | D:4      | 2978 ||| DROPPING ring of magical power.
  2979 | D:4      | 2979 ||| READING scroll of identify.
  2979 | D:4      | 2979 ||| IDENTIFYING fuming green potion
  3021 | D:5      | Entered Level 5 of the Dungeon
  3112 | D:5      | Found a staircase to the Ecumenical Temple.
  3146 | D:5      | Reached skill level 11 in Ranged Weapons
  3159 | D:5      | Reached * piety under Okawaru
  3167 | D:5      | Found Ockulas's Serpentskin Sales.
  3173 | D:5      | Reached skill level 1 in Invocations
  3177 | D:5      | HP: 10/41 [poisoned by a water moccasin]
  3310 | D:5      | Reached XP level 8. HP: 46/46 MP: 11/11
  3496 | D:5      | Found a shadowy altar of Dithmenos.
  3599 | D:5      | Reached skill level 3 in Invocations
  3940 | D:5      | 3940 ||| READING scroll labelled PUOPLIZXYB.
  3941 | D:5      | 3941 ||| READING scroll labelled OPUZXE LIAGHOCHI.
  3942 | D:5      | 3942 ||| READING scroll labelled UNO GISHRERIFF.
  4094 | D:6      | Reached skill level 12 in Ranged Weapons
  4217 | D:6      | Noticed Menkaure
  4218 | D:6      | Killed Menkaure
  4218 | D:6      | Reached ** piety under Okawaru
  4305 | D:6      | Identified the +6 halberd of Ficasepn {vamp, rCorr}
  4305 | D:6      | Noticed Maggie
  4306 | D:6      | 4306 ||| INVOKING Heroism.
  4310 | D:6      | Killed Maggie
  4311 | D:6      | Reached skill level 13 in Ranged Weapons
  4313 | D:6      | Noticed Blork the orc
  4314 | D:6      | Killed Blork the orc
  4471 | D:6      | Reached XP level 9. HP: 51/51 MP: 14/14
  4524 | D:6      | Noticed Pikel
  4525 | D:6      | 4525 ||| RETREEEEATING.
  4527 | D:6      | 4527 ||| INVOKING Heroism.
  4529 | D:6      | Killed Pikel
  4530 | D:6      | Reached skill level 14 in Ranged Weapons
  4561 | D:6      | Found a broken altar of Ashenzari.
  4744 | D:6      | 4744 ||| UPGRADING to +0 swamp dragon scales.
  4754 | D:6      | 4754 ||| DROPPING +0 ring mail.
  4755 | D:6      | 4755 ||| DRINKING 3 purple potions.
  4756 | D:6      | 4756 ||| DRINKING 2 fuming cyan potions.
  4757 | D:6      | 4757 ||| DROPPING potion of attraction.
  5020 | D:7      | Reached *** piety under Okawaru
  5026 | D:7      | Reached skill level 15 in Ranged Weapons
  5636 | D:7      | 5636 ||| DROPPING +3 leather armour.
  5637 | D:7      | 5637 ||| READING scroll of identify.
  5637 | D:7      | 5637 ||| IDENTIFYING fizzy blue potion
  5638 | D:7      | 5638 ||| READING scroll labelled RIGHEMN FUIDIA.
  5639 | D:7      | 5639 ||| READING scroll labelled POPERY WOAMOTZ.
  5678 | D:8      | Noticed a two-headed ogre
  5679 | D:8      | 5679 ||| INVOKING Heroism.
  5726 | D:8      | 5726 ||| INVOKING Heroism.
  5727 | D:8      | Killed a two-headed ogre
  5728 | D:8      | Reached skill level 16 in Ranged Weapons
  5878 | D:8      | Reached **** piety under Okawaru
  5879 | D:8      | Reached skill level 6 in Dodging
  5879 | D:8      | Reached XP level 10. HP: 53/56 MP: 15/15
  5910 | D:8      | Found Joufiock's Lightly-Used Armoury.
  5917 | D:8      | 5917 ||| SHOPLISTING -1 pearl dragon scales (1235 gold,
                  | have 326).
  5963 | D:8      | HP: 11/56 [gnoll/+0 spear[a gnoll bouda] (5)]
  5964 | D:8      | 5964 ||| READING 3 scrolls of teleportation.
  5967 | D:8      | 5967 ||| READING 2 scrolls of teleportation.
  6780 | D:8      | 6780 ||| READING scroll of identify.
  6780 | D:8      | 6780 ||| IDENTIFYING emerald potion
  7340 | D:9      | Reached skill level 6 in Invocations
  8055 | D:9      | 8055 ||| READING 4 scrolls of identify.
  8055 | D:9      | 8055 ||| IDENTIFYING bubbling pink potion
  8056 | D:9      | 8056 ||| READING 3 scrolls of identify.
  8056 | D:9      | 8056 ||| IDENTIFYING 2 viscous blue potions
  8057 | D:9      | 8057 ||| READING 2 scrolls of identify.
  8057 | D:9      | 8057 ||| IDENTIFYING 2 glowing blue potions
  8058 | D:9      | 8058 ||| READING scroll of identify.
  8058 | D:9      | 8058 ||| IDENTIFYING scroll labelled RAALIA EQ YSHRAH
  8059 | D:9      | 8059 ||| READING scroll of brand weapon.
  8059 | D:9      | 8059 ||| BRANDING +2 triple crossbow of draining.
  8060 | D:9      | 8060 ||| DROPPING 2 potions of brilliance.
  8061 | D:9      | 8061 ||| DROPPING 2 potions of degeneration.
  8062 | D:9      | 8062 ||| DROPPING potion of ambrosia.
  8065 | D:10     | Entered Level 10 of the Dungeon
  8112 | D:10     | Found an ancient bone altar of Kikubaaqudgha.
  8113 | D:10     | Found a radiant altar of Vehumet.
  8115 | D:10     | Found a shimmering blue altar of Sif Muna.
  8169 | D:10     | Found a blossoming altar of Fedhas.
  8196 | D:10     | Reached ***** piety under Okawaru
  8197 | D:10     | Reached skill level 17 in Ranged Weapons
  8203 | D:10     | Noticed a two-headed ogre
  8204 | D:10     | 8204 ||| INVOKING Finesse.
  8208 | D:10     | Killed a two-headed ogre
  8311 | D:10     | 8311 ||| RETREEEEATING.
  8317 | D:10     | 8317 ||| RETREEEEATING.
  8530 | D:10     | Found a staircase to the Lair.
  8543 | D:10     | Found a burning altar of Makhleb.
  8555 | D:10     | 8555 ||| READING scroll of enchant weapon.
  8555 | D:10     | 8555 ||| ENCHANTING +2 triple crossbow of flaming.
  8563 | D:10     | Found a white marble altar of Elyvilon.
  8569 | D:10     | Identified the +4 chain mail of Creativity {-Cast rElec
                  | Stlth+}
  8629 | D:10     | Received a gift from Okawaru
  8699 | D:10     | Noticed Gastronok
  8700 | D:10     | 8700 ||| INVOKING Finesse.
  8710 | D:10     | Killed Gastronok
  8711 | D:10     | Reached skill level 18 in Ranged Weapons
  8711 | D:10     | Reached XP level 11. HP: 61/61 MP: 14/19
  8978 | D:10     | HP: 15/61 [poisoned by a killer bee]
  9165 | D:10     | 9165 ||| PLANNING LAIR
  9165 | D:10     | 9165 ||| UPGRADING to +1 hat of willpower.
  9216 | Lair:1   | Entered Level 1 of the Lair of Beasts
  9221 | Lair:1   | Reached skill level 9 in Invocations
  9345 | Lair:1   | 9345 ||| RETREEEEATING.
  9347 | Lair:1   | 9347 ||| RETREEEEATING.
  9348 | Lair:1   | 9348 ||| RETREEEEATING.
  9349 | Lair:1   | 9349 ||| RETREEEEATING.
  9350 | Lair:1   | 9350 ||| RETREEEEATING.
  9351 | Lair:1   | 9351 ||| RETREEEEATING.
  9352 | Lair:1   | 9352 ||| RETREEEEATING.
  9353 | Lair:1   | 9353 ||| RETREEEEATING.
  9354 | Lair:1   | 9354 ||| RETREEEEATING.
  9355 | Lair:1   | 9355 ||| RETREEEEATING.
  9357 | Lair:1   | 9357 ||| RETREEEEATING.
  9358 | Lair:1   | 9358 ||| RETREEEEATING.
  9478 | Lair:1   | Received a gift from Okawaru
  9715 | Lair:1   | 9715 ||| RETREEEEATING.
  9717 | Lair:1   | 9717 ||| RETREEEEATING.
  9718 | Lair:1   | 9718 ||| RETREEEEATING.
  9778 | Lair:1   | 9778 ||| RETREEEEATING.
  9782 | Lair:1   | 9782 ||| RETREEEEATING.
  9797 | Lair:1   | 9797 ||| RETREEEEATING.
  9798 | Lair:1   | 9798 ||| RETREEEEATING.
  9799 | Lair:1   | 9799 ||| RETREEEEATING.
  9800 | Lair:1   | 9800 ||| RETREEEEATING.
  9801 | Lair:1   | 9801 ||| RETREEEEATING.
  9802 | Lair:1   | HP: 14/63 [blink frog (10)]
  9803 | Lair:1   | 9803 ||| READING 5 scrolls of teleportation.
 10278 | Lair:1   | 10278 ||| UPGRADING to +0 pair of boots.
 10283 | Lair:1   | 10283 ||| READING 2 scrolls of identify.
 10283 | Lair:1   | 10283 ||| IDENTIFYING murky purple potion
 10284 | Lair:1   | 10284 ||| READING scroll of identify.
 10284 | Lair:1   | 10284 ||| IDENTIFYING scroll labelled NOYPLOSESU
 10285 | Lair:1   | 10285 ||| DROPPING potion of invisibility.
 10286 | Lair:1   | 10286 ||| DROPPING scroll of torment.
 10309 | Lair:2   | 10309 ||| STAIRDANCE
 10349 | Lair:2   | 10349 ||| STAIRDANCE
 10363 | Lair:1   | Reached skill level 3 in Armour
 10460 | Lair:2   | Received a gift from Okawaru
 10467 | Lair:2   | 10467 ||| STAIRDANCE
 10754 | Lair:2   | Reached skill level 19 in Ranged Weapons
 11094 | Lair:2   | Noticed a catoblepas
 11095 | Lair:2   | 11095 ||| INVOKING Finesse.
 11098 | Lair:2   | Killed a catoblepas
 11099 | Lair:2   | Reached XP level 12. HP: 32/68 MP: 15/21
 11280 | Lair:2   | Found a staircase to the Shoals.
 11649 | Lair:2   | 11649 ||| READING 2 scrolls of identify.
 11649 | Lair:2   | 11649 ||| IDENTIFYING fuming amethyst potion
 11650 | Lair:2   | 11650 ||| READING scroll of identify.
 11650 | Lair:2   | 11650 ||| IDENTIFYING puce potion
 11651 | Lair:2   | 11651 ||| READING 2 scrolls labelled HEIMOA YKLOUBB.
 11652 | Lair:2   | 11652 ||| DROPPING scroll of immolation.
 11733 | Lair:3   | Noticed Fannar
 11734 | Lair:3   | 11734 ||| INVOKING Finesse.
 11739 | Lair:3   | Killed Fannar
 12000 | Lair:3   | Identified the +2 flail of the Living Dead {venom, rF+++
                  | Str-2 Int+4}
 12048 | Lair:3   | 12048 ||| RETREEEEATING.
 12049 | Lair:3   | 12049 ||| RETREEEEATING.
 12054 | Lair:3   | 12054 ||| RETREEEEATING.
 12056 | Lair:3   | Reached skill level 20 in Ranged Weapons
 12056 | Lair:3   | 12056 ||| RETREEEEATING.
 12057 | Lair:3   | 12057 ||| RETREEEEATING.
 12531 | Lair:3   | Found a staircase to the Snake Pit.
 12653 | Lair:3   | 12653 ||| UPGRADING to ring of ice.
 12654 | Lair:3   | 12654 ||| DROPPING ring of flight.
 12655 | Lair:3   | 12655 ||| READING scroll of identify.
 12655 | Lair:3   | 12655 ||| IDENTIFYING viscous clear potion
 12656 | Lair:3   | 12656 ||| READING scroll labelled MOR NOINOARUMN.
 12656 | Lair:3   | 12656 ||| ENCHANTING +0 swamp dragon scales.
 12657 | Lair:3   | 12657 ||| DROPPING potion of lignification.
 12773 | Lair:4   | 12773 ||| RETREEEEATING.
 12774 | Lair:4   | 12774 ||| RETREEEEATING.
 12775 | Lair:4   | 12775 ||| RETREEEEATING.
 12776 | Lair:4   | 12776 ||| RETREEEEATING.
 13126 | Lair:4   | 13126 ||| RETREEEEATING.
 13127 | Lair:4   | 13127 ||| RETREEEEATING.
 13132 | Lair:4   | 13132 ||| RETREEEEATING.
 13135 | Lair:4   | Received a gift from Okawaru
 13139 | Lair:4   | Reached skill level 21 in Ranged Weapons
 13236 | Lair:4   | 13236 ||| RETREEEEATING.
 13238 | Lair:4   | 13238 ||| RETREEEEATING.
 13287 | Lair:4   | 13287 ||| RETREEEEATING.
 13288 | Lair:4   | 13288 ||| RETREEEEATING.
 13289 | Lair:4   | 13289 ||| RETREEEEATING.
 13290 | Lair:4   | 13290 ||| RETREEEEATING.
 13291 | Lair:4   | 13291 ||| RETREEEEATING.
 13292 | Lair:4   | 13292 ||| RETREEEEATING.
 13293 | Lair:4   | 13293 ||| RETREEEEATING.
 13294 | Lair:4   | 13294 ||| RETREEEEATING.
 13295 | Lair:4   | 13295 ||| RETREEEEATING.
 13296 | Lair:4   | 13296 ||| RETREEEEATING.
 13297 | Lair:4   | 13297 ||| RETREEEEATING.
 13298 | Lair:4   | 13298 ||| RETREEEEATING.
 13303 | Lair:4   | HP: 15/69 [blink frog (12)]
 13303 | Lair:4   | Slain by a spriggan rider

Levels and vault maps discovered:
D:1:      wander_arrival_fairy_ring, layout_basic, serial_shops,
          nicolae_shop_statue_plus, minmay_hexomino_r4
D:2:      layout_basic, uniq_jessica
D:3:      layout_basic, lemuel_round_altar, kennysheep_okawaru_gauntlet,
          minmay_liquid_box, uniq_grinder, uniq_sigmund, uniq_ijyb
D:4:      layout_basic, grunt_gozag_statues, mainiacjoe_overflow_brackets,
          st_stairs_5, glass_columns_b
D:5:      wander_river, layout_cave_pods, nicolae_dithmenos_shadow_blocks,
          minmay_temple_entry_slanted, guppyfry_shop_venom
D:6:      layout_loops_cross, mainiacjoe_overflow_alcove_2, uniq_blork_the_orc,
          uniq_menkaure, uniq_pikel, uniq_maggie
D:7:      layout_loops_corners
D:8:      layout_loops_corners, grunt_ministairs_2, minmay_shop_damaged,
          grunt_decor_clamped
D:9:      layout_stronghold, minmay_fire_ice_demons
D:10:     layout_rooms, elyvilon_altar_3, kennysheep_mini,
          grunt_temple_overflow_magic_moments,
          mainiacjoe_overflow_six_doors_small, lair_entry_dummy, uniq_gastronok
Lair:1:   layout_hall_layers
Lair:2:   layout_gridlike, minmay_shoals_entry_centaurs,
          portal_ice_cave_entry_ice_simulacra, fungi_pond_lemuel
Lair:3:   layout_layer_cave, minmay_snake_entry_guardpost_small,
          chequers_serial_rivers_small_3, uniq_fannar
Lair:4:   kb_forest_paths, layout_small_grid, worms_lemuel,
          infiniplex_staircase_pool_2

Skill      XL: |  1  2  3  4  5  6  7  8  9 10 11 12 |
---------------+-------------------------------------+-----
Ranged Weapons | 6 7 9 10 11 13 16 18 19 21 | 21.0
Fighting       | 3 4 5 |  5.9
Dodging        | 3 4 6 7 8 |  8.1
Armour         | 1 2 3 |  3.0
Invocations    | 1 4 8 10 | 10.0
Stealth        | |  1.2

Action                     |  1- 3 |  4- 6 |  7- 9 | 10-12 || total
---------------------------+-------+-------+-------+-------++-------
   Fire: Shortbow          |    86 |   108 |    23 |       ||   217
         Triple crossbow   |       |       |   159 |   387 ||   546
 Invoke: Heroism           |       |       |     4 |       ||     4
         Finesse           |       |       |       |     4 ||     4
    Use: Scroll            |     6 |     1 |    11 |    17 ||    35
         Potion            |       |       |     2 |       ||     2
 Armour: Leather armour    |    16 |       |       |       ||    16
         Ring mail         |     7 |    27 |    88 |       ||   122
         Swamp dragon scal |       |       |    16 |   194 ||   210
  Dodge: Dodged            |    21 |    52 |    94 |   200 ||   367

Table legend:
 A = Non-vault XP
 B = Vault XP
 C = Vault XP percentage of total XP
 D = Non-vault monster count
 E = Vault monster count
 F = Vault count percentage of total count
                 A         B        C        D         E       F
            +---------+---------+-------+---------+---------+-------
      Total |   24388 |    7054 |  22.4 |     237 |      54 |  18.6
            +---------+---------+-------+---------+---------+-------
        D:1 |      34 |       9 |  20.9 |      22 |       5 |  18.5
        D:2 |      51 |      37 |  42.0 |      15 |       1 |   6.2
        D:3 |     137 |     497 |  78.4 |      16 |       5 |  23.8
        D:4 |     158 |      50 |  24.0 |      24 |       3 |  11.1
        D:5 |     614 |     161 |  20.8 |      14 |       3 |  17.6
        D:6 |     421 |    1304 |  75.6 |      12 |       4 |  25.0
        D:7 |     918 |       0 |   0.0 |      16 |       0 |   0.0
        D:8 |    1977 |     123 |   5.9 |      16 |      10 |  38.5
        D:9 |    1437 |     157 |   9.8 |      19 |       4 |  17.4
       D:10 |    3185 |    1492 |  31.9 |      20 |       1 |   4.8
     Lair:1 |    6461 |       0 |   0.0 |      27 |       0 |   0.0
     Lair:2 |    2125 |     533 |  20.1 |       7 |       7 |  50.0
     Lair:3 |    2701 |    1203 |  30.8 |      12 |       3 |  20.0
     Lair:4 |    4169 |    1488 |  26.3 |      17 |       8 |  32.0
            +---------+---------+-------+---------+---------+-------
